 Dungeon Crawl Stone Soup version 0.29.1-4-g47bece8355 (webtiles) character file.

Game seed: 15275096996343869220

23693 cheesebisquit the Fighter (level 12, 0/105 HPs)
             Began as a Minotaur Berserker on Dec 6, 2022.
             Was a Priest of Trog.
             Incinerated by a red very ugly thing (3 damage)
             ... on level 2 of the Abyss.
             The game lasted 01:14:43 (11587 turns).

cheesebisquit the Fighter (Minotaur Berserker)     Turns: 11587, Time: 01:14:43

Health: 0/105      AC: 18    Str: 25    XL:     12   Next: 74%
Magic:  0/11       EV: 10    Int:  4    God:    Trog [***...]
Gold:   280        SH:  0    Dex: 14    Spells: 11/11 levels left

rFire   + . .      SeeInvis .   x - +3 war axe (freeze)
rCold   . . .      Faith    .   D - +2 kite shield
rNeg    . . .      Spirit   +   l - +1 plate armour
rPois   .          Reflect  .   (helmet restricted)
rElec   .          Harm     .   y - +2 cloak {Stlth+}
rCorr   .          Rampage  .   m - +2 pair of gloves
Will    .....      Rage     3%  F - +2 pair of boots
Stlth   ..........              A - amulet of guardian spirit
HPRegen 0.27/turn               T - +6 ring of dexterity
MPRegen 0.12/turn               p - ring of protection from fire

@: confused, on fire, ambrosia-drunk, on berserk cooldown, flying, glowing
A: horns 2, retaliatory headbutt, berserk 1, clumsy 1, deterioration 1, frail 1,
(teleportitis 1), weak 1, [deformed body]
a: Renounce Religion, Berserk, Trog's Hand


You were on level 2 of the Abyss.
You worshipped Trog.
Trog was most pleased with you.
You visited 1 branch of the dungeon, and saw 11 of its levels.
You visited the Abyss 2 times.

You collected 728 gold pieces.
You spent 448 gold pieces at shops.

Inventory:

Hand Weapons
 a - a +0 hand axe
 x - a +3 war axe of freezing (weapon)
 J - a +0 battleaxe
 M - a +2 battleaxe of venom
Missiles
 c - 88 stones
 k - 5 atropa-tipped darts
 w - 2 throwing nets
 G - 3 poisoned darts
 K - 9 curare-tipped darts (quivered)
Armour
 j - the +0 ring mail of Clean Brilliance {rN++ Str+3 Stlth+}
   (You found it on level 2 of the Dungeon)

   Str:       It affects your strength (+3).
   rN:        It greatly protects you from negative energy.
   Stlth:     It makes you more stealthy.
 l - a +1 plate armour (worn)
 m - a +2 pair of gloves (worn)
 y - a +2 cloak of stealth (worn)
 D - a +2 kite shield (worn)
 F - a +2 pair of boots (worn)
Jewellery
 n - a ring of resist corrosion
 p - a ring of protection from fire (right hand)
 A - an amulet of guardian spirit (around neck)
 E - an amulet of reflection
 T - a +6 ring of dexterity (left hand)
Wands
 d - a wand of mindburst (22)
 s - a wand of polymorph (7)
 B - a wand of acid (18)
 H - a wand of flame (26)
 P - a wand of roots (1)
 Q - a wand of paralysis (5)
Scrolls
 f - 2 scrolls of noise
 h - 2 scrolls of immolation
 i - a scroll of vulnerability
 t - 5 scrolls of teleportation
 v - a scroll of magic mapping {unknown}
 z - a scroll of enchant armour
 C - a scroll of amnesia {unknown}
 S - a scroll of poison {unknown}
 U - 2 scrolls of torment
Potions
 e - a potion of ambrosia
 g - a potion of might
 o - 4 potions of haste
 q - 3 potions of cancellation
 r - 2 potions of attraction
 u - 2 potions of lignification
 L - a potion of berserk rage
 O - a potion of degeneration
 R - a potion of mutation
Miscellaneous
 N - a lightning rod (4/4)


   Skills:
 + Level 14.1 Fighting
 + Level 14.1 Axes
 - Level 5.4 Armour
 + Level 10.0 Dodging
 + Level 12.7 Shields


You had 11 spell levels left.
You didn't know any spells.
Your spell library was empty.

Dungeon Overview and Level Annotations

Branches:
Dungeon (12/15)            Temple (0/1) D:4
   Lair: D:8-11         Orc: D:9-12

Altars:
Dithmenos
Elyvilon
Nemelex Xobeh
Ru
Sif Muna

Shops:
D:4 (   D:6 (*[=   D:11 [

Annotations:
D:10 Erolcha


Innate Abilities, Weirdness & Mutations

You have a pair of horns on your head.
You reflexively headbutt those who attack you in melee.
You sometimes lose your temper in combat.
You are clumsy. (Dex -2)
Your body sometimes deteriorates upon taking damage.
You are frail. (-10% HP)
((You are occasionally teleported next to monsters.))
You are weak. (Str -2)
[Armour fits poorly on your strangely shaped body.]


Message History

The thrashing horror closely misses you.
You block the spatial maelstrom's attack. x2
You slash the thrashing horror! You freeze the thrashing horror.
You destroy the thrashing horror!
Trog accepts your kill.
You slash the spatial maelstrom!
You block the spatial maelstrom's attack. x2
You feel the corruption within you wane somewhat.
You feel a little less angry.
You feel robust. x2
Your Dodging skill increases to level 10!
You hit the red very ugly thing. You freeze the red very ugly thing.
You headbutt the red very ugly thing!
The red very ugly thing is lightly wounded.
You feel yourself speed up.
The red very ugly thing bites you but does no damage.
The spatial maelstrom hits you!
* * * LOW HITPOINT WARNING * * *
Space warps around you.
* * * LOW HITPOINT WARNING * * *
You block the spatial maelstrom's attack.
Okay, then.
You feel better.
You block the spatial maelstrom's attack.
The spatial maelstrom hits you but does no damage.
You block the red very ugly thing's attack.
You feel very buoyant.
You fly up into the air.
The spatial maelstrom hits you.
* * * LOW HITPOINT WARNING * * *
Space warps around you.
* * * LOW HITPOINT WARNING * * *
The spatial maelstrom completely misses you.
You block the spatial maelstrom's attack. x2
The red very ugly thing bites you!
* * * LOW HITPOINT WARNING * * *
You are covered in liquid flames.
You are covered in liquid flames!
You are confused.
You feel invigorated.
You are covered in liquid flames!
You die...

...#.. .#. ......
.......v.#.. ..#.
..#......#.... .
..#.#...#. ...#. .
..#....#..# ###...
#.......###......
#........#........
........uv.#..
###. .#.@..#..
....
#...##........ #.
.......#.....###
.... ......###..
.. .......#....
... .............
... ##......... .
.. ........ ###
#.##.


You could see a red very ugly thing, a spatial maelstrom and a spatial vortex.

Vanquished Creatures
  A hydra (D:11)
  2 two-headed ogres (D:11)
  A death knight (D:11)
  A tengu warrior (D:11)
  A thrashing horror (Abyss:2)
  2 wretched stars
  A sixfirhy (Abyss:1)
  Pikel (D:7)
  2 deep elf pyromancers
  A cyclops (D:11)
  A shining eye (Abyss:1)
  An ugly thing (D:11)
  2 manticores
  A worldbinder (D:10)
  A shining eye (shapeshifter) (D:11)
  An apocalypse crab (Abyss:1)
  4 smoke demons (Abyss:1)
  A gargoyle (D:11)
  An unseen horror (D:11)
  An ancient zyme (Abyss:1)
  A komodo dragon (D:11)
  The ghost of Sambug2000 the Chopper, an amateur MiFi (D:4)
  A polar bear (shapeshifter) (D:11)
  A raiju (Abyss:1)
  A troll (D:12)
  3 shadows
  A vampire (D:10)
  14 yaks
  A ynoxinul (Abyss:1)
  A fire elemental (Abyss:1)
  A culicivora (shapeshifter) (D:12)
  3 wraiths
  A chaos spawn (Abyss:1)
  A neqoxec (Abyss:1)
  2 steam dragons (D:8)
  2 vampire mosquitoes (D:12)
  A harpy simulacrum (Abyss:1)
  2 water moccasins
  4 large abominations (Abyss:1)
  A water moccasin (shapeshifter) (D:11)
  2 sky beasts
  2 orc warriors
  3 ice beasts
  A black bear (D:6)
  A centaur (D:10)
  3 small abominations (Abyss:1)
  2 kobold brigands
  A bullfrog (D:8)
  A gnoll sergeant (D:4)
  5 scorpions
  4 wights (D:8)
  11 killer bees
  An electric eel (D:6)
  5 howler monkeys
  A quasit (Abyss:1)
  3 hounds (D:4)
  2 jellies
  2 gnoll boudas (D:4)
  8 orc priests
  An iron imp (Abyss:1)
  7 orc wizards
  10 gnolls (D:4)
  8 adders
  2 shadow imps (D:6)
  2 ufetubi
  A worm (D:2)
  2 dart slugs
  28 orcs
  7 bats
  3 endoplasms
  3 hobgoblins
  5 jackals
  4 quokkas
  4 ball pythons
  3 frilled lizards
  7 goblins
  13 kobolds
  5 rats
  A butterfly (D:4)
244 creatures vanquished.

Vanquished Creatures (collateral kills)
  2 hydras (D:11)
  A yak (D:11)
  An orc priest (D:6)
  An orc (D:8)
5 creatures vanquished.

Vanquished Creatures (others)
  A lurking horror (Abyss:1)
  6 plants (D:4)
7 creatures vanquished.

Grand Total: 256 creatures vanquished

Notes
Turn   | Place    | Note
-------+----------+-------------------------------------------
     0 | D:1      | cheesebisquit the Minotaur Berserker began the quest for
                  | the Orb.
     0 | D:1      | Reached XP level 1. HP: 19/19 MP: 0/0
   470 | D:1      | Reached XP level 2. HP: 25/27 MP: 1/1
   757 | D:1      | Found a faded altar of an unknown god.
  1191 | D:2      | Reached XP level 3. HP: 21/33 MP: 2/2
  1314 | D:2      | Identified the +0 ring mail of Clean Brilliance {rN++ Str+3
                  | Stlth+}
  1380 | D:2      | Reached ** piety under Trog
  1410 | D:2      | Reached XP level 4. HP: 37/41 MP: 3/3
  1687 | D:2      | Reached XP level 5. HP: 47/47 MP: 4/4
  1933 | D:2      | Reached skill level 5 in Axes
  1959 | D:2      | Reached skill level 5 in Fighting
  2210 | D:3      | Found a shadowy altar of Dithmenos.
  2722 | D:4      | Found a transporter.
  2868 | D:4      | Found Yghiseagh's Antique Weapon Shop.
  2899 | D:4      | Found a staircase to the Ecumenical Temple.
  3105 | D:4      | Reached XP level 6. HP: 47/56 MP: 5/5
  3267 | D:4      | Found a transporter.
  3378 | D:4      | Found a sparkling altar of Nemelex Xobeh.
  3384 | D:4      | Found a white marble altar of Elyvilon.
  3387 | D:4      | Found a shimmering blue altar of Sif Muna.
  3515 | D:4      | Reached skill level 5 in Armour
  3520 | D:4      | Noticed Sambug2000's ghost (amateur MiFi)
  3845 | D:4      | Killed Sambug2000's ghost
  3846 | D:4      | Reached XP level 7. HP: 43/64 MP: 3/6
  4041 | D:5      | Entered Level 5 of the Dungeon
  4486 | D:5      | Reached XP level 8. HP: 61/73 MP: 7/7
  4733 | D:5      | Reached *** piety under Trog
  4988 | D:6      | Found a sacrificial altar of Ru.
  5100 | D:6      | Reached skill level 5 in Shields
  5151 | D:6      | Found Zafiss Jove's Antique Armour Shop.
  5151 | D:6      | Found Voanas's Antique Weapon Emporium.
  5155 | D:6      | Found Mikash's Jewellery Shop.
  5155 | D:6      | Found Varhejai's Assorted Antiques.
  5391 | D:6      | Bought a potion of heal wounds for 90 gold pieces
  5391 | D:6      | Bought a scroll of identify for 36 gold pieces
  5391 | D:6      | Bought a potion of heal wounds for 90 gold pieces
  5836 | D:6      | Reached XP level 9. HP: 70/82 MP: 6/8
  6293 | D:7      | Noticed Pikel
  6302 | D:7      | Killed Pikel
  7131 | D:8      | Reached skill level 10 in Fighting
  7131 | D:8      | Reached skill level 10 in Axes
  7723 | D:8      | You fall into a shaft and drop 3 floors!
  7740 | D:11     | Noticed a manticore
  7747 | D:11     | Killed a manticore
  7748 | D:11     | Reached XP level 10. HP: 59/94 MP: 5/9
  7890 | D:11     | Noticed a five-headed hydra
  7901 | D:11     | Killed a five-headed hydra
  7950 | D:11     | Noticed a five-headed hydra
  7956 | D:11     | Killed an eight-headed hydra
  7956 | D:11     | Noticed a white ugly thing
  7957 | D:11     | Reached skill level 5 in Dodging
  7963 | D:11     | Killed a white ugly thing
  7964 | D:11     | Noticed a gargoyle
  7966 | D:11     | Noticed a two-headed ogre
  7968 | D:11     | Noticed a deep elf pyromancer
  7971 | D:11     | Killed a gargoyle
  7973 | D:11     | Killed a two-headed ogre
  7977 | D:11     | Killed a deep elf pyromancer
  8140 | D:11     | Noticed a two-headed ogre
  8145 | D:11     | Killed a two-headed ogre
  8145 | D:11     | Reached **** piety under Trog
  8146 | D:11     | Reached skill level 10 in Shields
  8146 | D:11     | Reached XP level 11. HP: 99/104 MP: 10/10
  8354 | D:11     | Noticed a four-headed hydra
  8369 | D:11     | Killed a six-headed hydra
  8559 | D:11     | Noticed a death knight
  8711 | D:11     | Found Nori's Antique Armour Emporium.
  8714 | D:11     | Bought an embroidered cloak for 232 gold pieces
  8722 | D:11     | Identified the +3 glaive "Tamemp" {vamp, rF+ rN++ MP+9
                  | Str-4}
  8752 | D:11     | Noticed a tengu warrior
  8772 | D:11     | Killed a tengu warrior
  8786 | D:11     | Killed a death knight
  8825 | D:11     | Noticed a death drake
  8825 | D:11     | a tarantella changed into a death drake
  8904 | D:11     | a death drake changed into a manticore
  8982 | D:11     | Noticed a sea snake
  8982 | D:11     | a floating eye changed into a sea snake
  9022 | D:11     | a sea snake changed into a floating eye
  9032 | D:11     | Noticed a sea snake
  9032 | D:11     | a floating eye changed into a sea snake
  9093 | D:11     | a sea snake changed into a floating eye
  9102 | D:11     | Noticed a mana viper
  9102 | D:11     | a floating eye changed into a mana viper
  9117 | D:11     | Noticed a death drake
  9117 | D:11     | a mana viper changed into a death drake
  9136 | D:11     | a death drake changed into a cyclops
  9142 | D:11     | Noticed a death drake
  9142 | D:11     | an eye of devastation changed into a death drake
  9178 | D:11     | Noticed a shock serpent
  9178 | D:11     | a death drake changed into a shock serpent
  9191 | D:11     | a shock serpent changed into a moth of wrath
  9193 | D:11     | Noticed a shining eye
  9193 | D:11     | a moth of wrath changed into a shining eye
  9198 | D:11     | Gained mutation: You are weak. (Str -2) [a shining eye]
  9205 | D:11     | Gained mutation: You are clumsy. (Dex -2) [a shining eye]
  9206 | D:11     | Killed a shining eye
  9337 | D:12     | Noticed a deep elf pyromancer
  9345 | D:12     | Killed a deep elf pyromancer
  9977 | D:10     | Entered Level 10 of the Dungeon
 10194 | D:10     | Noticed Erolcha
 10204 | Abyss:1  | Cast into level 1 of the Abyss (Erolcha)
 10327 | Abyss:1  | Reached XP level 12. HP: 92/115 MP: 7/11
 10331 | Abyss:1  | Paralysed by you for 3 turns
 10474 | Abyss:1  | Gained mutation: You are frail. (-10% HP) [a shining eye]
 10475 | Abyss:1  | Gained mutation: You are occasionally teleported next to
                  | monsters. [a shining eye]
 10477 | Abyss:1  | Gained mutation: Your body sometimes deteriorates upon
                  | taking damage. [a shining eye]
 10778 | Abyss:1  | Gained mutation: You sometimes lose your temper in combat.
                  | [a neqoxec]
 10867 | D:10     | Escaped the Abyss
 10869 | D:10     | You fall into a shaft and drop 2 floors!
 11550 | Abyss:2  | Cast into level 2 of the Abyss (Erolcha)
 11578 | Abyss:2  | Noticed a red very ugly thing
 11584 | Abyss:2  | Reached skill level 10 in Dodging
 11586 | Abyss:2  | HP: 3/105 [red very ugly thing (10)]
 11587 | Abyss:2  | Incinerated by a red very ugly thing

Illustrated notes

Levels and vault maps discovered:
D:1:      kilobyte_arrival_exit_the_forest, layout_basic,
          shapermc_ecumenical_altar_ellora, dreamdust_princess_bridge
D:2:      cheibrodos_pilgrimage, layout_rooms
D:3:      layout_loops_cross, mainiacjoe_overflow_paths
D:4:      layout_loops_ring, minmay_overflow_temple_star_quad,
          minmay_temple_entry_butterflies, serial_shops, kennysheep_little_box,
          gammafunk_ghost_gnarly_gnolls
D:5:      layout_loops_cross
D:6:      layout_basic, general_overflow_altar, hangedman_decor_opposing,
          nicolae_wooded_promenade, amcnicky_mini_pool_small, uniq_duvessa
D:7:      layout_loops_cross, uniq_pikel
D:8:      layout_loops_corners, minmay_misc_feat_plants
D:10:     nicolae_BIG_FREAKIN_CUBE, layout_loops_ring,
          nicolae_gozag_cash_rules_everything_around_me, minmay_misc_feat_rows,
          grunt_ministairs_15, uniq_erolcha
D:11:     hangedman_cross_stitches, layout_gridville, serial_shops,
          nicolae_shop_behind_doors, minmay_diamond_spiral
D:12:     layout_gridville, minmay_holes, grunt_ministairs_9
Abyss:2:  base: D:10, bh_abyss_exit_grid

Skill      XL: |  1  2  3  4  5  6  7  8  9 10 11 12 |
---------------+-------------------------------------+-----
Axes           | 4 5 6 7 8 10 11 13 14 | 14.1
Fighting       | 4 5 6 7 8 10 11 13 14 | 14.1
Armour         | 3 4 5 |  5.4
Shields        | 2 3 6 8 10 11 12 | 12.7
Dodging        | 4 6 8 10 | 10.0

Action                   |  1- 3 |  4- 6 |  7- 9 | 10-12 || total
-------------------------+-------+-------+-------+-------++-------
Melee: Hand axe          |    61 |    51 |       |       ||   112
       Headbutt          |     6 |    21 |    37 |    81 ||   145
       War axe           |       |    64 |   274 |   315 ||   653
       Punch             |       |     1 |       |       ||     1
Throw: Dart              |       |       |    15 |    41 ||    56
       Stone             |       |       |     3 |     6 ||     9
Invok: Berserk           |     1 |     4 |     6 |    14 ||    25
       Trog's Hand       |       |     4 |     2 |     6 ||    12
  Use: Potion            |       |     3 |     2 |     8 ||    13
       Scroll            |       |     9 |    15 |    13 ||    37
 Stab: Paralysed         |       |       |     1 |       ||     1
Armor: Animal skin       |     8 |       |       |       ||     8
       Ring mail         |     5 |     1 |       |       ||     6
       Plate armour      |       |   102 |   176 |   208 ||   486
Dodge: Dodged            |    52 |    58 |    50 |    94 ||   254
Block: Kite shield       |       |     4 |   148 |   236 ||   388
